 Dungeon Crawl Stone Soup version 0.18-a0-1197-g8004e50 (webtiles) character file.

191 Ghalim the Skirmisher (level 5, 0/34 HPs)
             Began as a Gargoyle Fighter on Jan 30, 2016.
             Slain by a rat (2 damage)
             ... on level 3 of the Dungeon.
             The game lasted 00:09:21 (3005 turns).

Ghalim the Skirmisher (Gargoyle Fighter)            Turns: 3005, Time: 00:09:21

Health: 0/34       AC: 10    Str: 21    XL:     5   Next: 70%
Magic:  5/5        EV:  7    Int:  8    God:
Gold:   169        SH:  9    Dex:  9    Spells: 0 memorised, 4 levels left

rFire  . . .     SeeInvis .     a - +0 flail
rCold  . . .     Gourm    .     b - +0 scale mail
rNeg   + . .     Faith    .     c - +0 shield
rPois  ∞         Spirit   .     (no helmet)
rElec  +         Dismiss  .     (no cloak)
rCorr  .         Reflect  .     (no gloves)
SustAt .         Harm     .     (no boots)
MR     .....                    (no amulet)
Stlth  ..........               (no ring)
                                (no ring)

@: not resistant to hostile enchantments, extremely unstealthy
A: negative energy resistance 1, electricity resistance, unbreathing,
petrification resistance, rot immunity, AC +4
a: no special abilities


You were on level 3 of the Dungeon.
You were not hungry.

You visited 1 branch of the dungeon, and saw 4 of its levels.

You collected 169 gold pieces.

Inventory:

Hand Weapons
 a - a +0 flail (weapon)
Armour
 b - a +0 scale mail (worn)
 c - a +0 shield (worn)
 u - a +0 plate armour
Jewellery
 j - a +3 ring of slaying {unknown}
Scrolls
 g - 5 scrolls of identify {unknown}
 l - 2 scrolls of remove curse {unknown}
 m - a scroll of enchant armour {unknown}
 p - a scroll of fear {unknown}
 r - a scroll of noise {unknown}
 v - a scroll of teleportation {unknown}
Potions
 e - a potion of haste {unknown}
 h - a potion of brilliance {unknown}
 k - 2 potions of flight {unknown}
 n - a potion of curing {unknown}
 q - a potion of invisibility {unknown}
 t - a potion of mutation {unknown}
Books
 d - a book of Battle

   Spells                             Type                      Level
   a - Infusion                       Charms                       1
   b - Shroud of Golubria             Charms/Translocation         2
   c - Song of Slaying                Charms                       2
   d - Spectral Weapon                Hexes/Charms                 3
   e - Regeneration                   Charms/Necromancy            3
Comestibles
 f - 2 bread rations
 i - a slice of pizza
 o - 2 fruits
 s - 3 meat rations


   Skills:
 + Level 4.8 Fighting
 * Level 4.7 Maces & Flails
 - Level 3.2 Armour
 - Level 3.2 Shields


You had 4 spell levels left.
You didn't know any spells.

Dungeon Overview and Level Annotations

Branches:
Dungeon (4/15)
 Temple: D:4-7

Altars:
Makhleb


Innate Abilities, Weirdness & Mutations

You are resistant to torment.
Your stone body is resilient (AC +4).
You are immune to poison.
You resist negative energy.
You are resistant to electric shocks.
You can survive without breathing.
You are immune to petrification.
You are immune to rotting.


Message History

The centaur shoots an arrow.
You block the arrow.
You see here an arrow.
There is a stone staircase leading up here.
The centaur unwields an uncursed shortbow.
The centaur hits you.
The adder skeleton bites you but does no damage.
The centaur hits you but does no damage.
The adder skeleton bites you but does no damage.
You climb upwards.
The ogre barely misses you. The rat bites you but does no damage.
There is a stone staircase leading down here.
You closely miss the rat.
The centaur hits you but does no damage.
The ogre hits you but does no damage. You block the rat's attack.
The centaur hits you but does no damage.
The centaur wields an uncursed shortbow.
The centaur shoots an arrow.
The arrow hits you!
* * * LOW HITPOINT WARNING * * *
You block the ogre's attack. The rat bites you.
You die...

####....###### #.......#
.....#÷......#######.###.#
####...#.............###.#
##.######.###.###...#(#######
#.# #.# #.# #.#.(.......##
#.# #.# #.# #.............
#.# #.# #.# ##..#######.##
#.# ##.###r## #.(# #.#
#.#####...#>@.###..# #.#
#.......#.c.O......# #.#
#######....###.##### #.#
###.## ##.#### #.# #...#
#....# #.# #.#.## ##.##.# #.#
#.##.###.###.# #.#
#.###...####.## #.## #.#
##.####.#.######...


You could see an ogre, a centaur and a rat.

Vanquished Creatures
  A scorpion (D:3)
  An orc priest (D:3)
  3 adders
  An ooze (D:2)
  A worm (D:3)
  2 giant geckos
  4 orcs
  2 ball pythons (D:3)
  9 goblins
  15 hobgoblins
  10 jackals
  A quokka (D:2)
  6 bats
  A giant newt (D:1)
  5 kobolds
  9 rats
71 creatures vanquished.

Notes
Turn   | Place    | Note
--------------------------------------------------------------
     0 | D:1      | Ghalim the Gargoyle Fighter began the quest for the Orb.
     0 | D:1      | Reached XP level 1. HP: 14/14 MP: 1/1
   189 | D:1      | Reached XP level 2. HP: 17/19 MP: 2/2
   851 | D:2      | Reached XP level 3. HP: 24/24 MP: 3/3
   859 | D:2      | Found a faded altar to an unknown god.
   969 | D:2      | Reached skill level 4 in Fighting
  1337 | D:2      | Reached XP level 4. HP: 29/29 MP: 4/4
  1604 | D:3      | Reached XP level 5. HP: 12/34 MP: 5/5
  1947 | D:3      | Found a burning altar of Makhleb.
  2495 | D:3      | HP: 1/34 [orc priest/nerve-wracking pain (9)]
  2596 | D:3      | Noticed an ogre
  2969 | D:4      | Noticed a centaur
  3005 | D:3      | Slain by a rat

Vault maps used:
D:1:      dpeg_arrival_boxorama
D:2:      first_bread, ecumenical_altar_2
D:3:      bloody_makhleb
D:4:      amethyst_overflow_temple_binary, minmay_temple_entry_purple_smoke,
          uniq_sigmund, uniq_robin

Action                   |  1- 3 |  4- 6 || total
-------------------------+-------+-------++-------
Melee: Flail             |   121 |   145 ||   266
  Use: Potion            |       |     1 ||     1
  Eat: Chunk             |     2 |     5 ||     7
